 Dungeon Crawl Stone Soup version 0.31-a0-174-g85c54bcb58 (webtiles) character file.

Game seed: 8926846375604146050

312 IndexError the Shooter (level 6, 0/52 HPs)
             Began as a Barachi Hunter on June 15, 2023.
             Slain by a gnoll bouda
             ... wielding a +0 whip
              (6 damage)
             ... on level 4 of the Dungeon.
             The game lasted 00:04:21 (2687 turns).

IndexError the Shooter (Barachi Hunter)             Turns: 2687, Time: 00:04:21

Health: 0/52       AC:  6    Str: 12    XL:     6   Next: 42%
Magic:  6/6        EV: 12    Int:  9    God:
Gold:   194        SH:  0    Dex: 13    Spells: 5/5 levels left

rFire   + + .        a - +0 shortbow
rCold   . . .        (shield currently unavailable)
rNeg    . . .        o - +2 leather armour of Impatience {rElec rF++ Will+ Dex-5}
rPois   .            h - +0 helmet
rElec   +            p - scarf {+Inv}
rCorr   .            (no gloves)
SInv    .            (no boots)
Will    +....        f - amulet of the acrobat
Stlth   +            (no ring)
HPRegen 0.28/turn    (no ring)
MPRegen 0.10/turn

%: acrobat
@: slow
A: amphibious, slowness 1, strong legs 1, +LOS
a: Hop, Evoke Invisibility


You were on level 4 of the Dungeon.
You visited 1 branch of the dungeon, and saw 4 of its levels.

You collected 194 gold pieces.

Inventory:

Hand Weapons
 a - a +0 shortbow (weapon)
Missiles
 s - 2 silver javelins
Armour
 c - a +0 leather armour
 h - a +0 helmet (worn)
   (You found it on level 1 of the Dungeon)
 o - the +2 leather armour of Impatience (worn) {rElec rF++ Will+ Dex-5}
   (You found it on level 3 of the Dungeon)

   Dex:       It affects your dexterity (-5).
   rF:        It greatly protects you from fire.
   rElec:     It insulates you from electricity.
   Will:      It increases your willpower.
 p - a scarf of invisibility (worn)
   (You found it on level 3 of the Dungeon)
Jewellery
 f - an amulet of the acrobat (around neck)
   (You found it on level 1 of the Dungeon)
Scrolls
 b - a scroll of butterflies
 e - 5 scrolls of identify {unknown}
 g - a scroll of enchant armour {unknown}
 j - a scroll of immolation {unknown}
 k - a scroll of vulnerability {unknown}
 m - a scroll of fog {unknown}
 q - a scroll of teleportation {unknown}
 r - a scroll of acquirement {unknown}
Potions
 i - 3 potions of curing {unknown}
 l - 4 potions of resistance {unknown}
 n - a potion of haste {unknown}
 t - a potion of lignification {unknown}


   Skills:
 + Level 5.8 Fighting
 + Level 6.0 Ranged Weapons
 - Level 2.1 Dodging
 - Level 0.8 Stealth


You had 5 spell levels left.
You didn't know any spells.
Your spell library was empty.

Dungeon Overview and Level Annotations

Branches:
Dungeon (4/15)
 Temple: D:4-7

Altars:
Dithmenos

Shops:
D:3 *


Innate Abilities, Weirdness & Mutations

You are amphibious.
You cover ground slowly.
You can hop short distances.
You have an extended range of vision and can be seen from far away.


Message History

Your Ranged Weapons skill increases to level 6!
You shoot an arrow. The arrow closely misses the gnoll.
The gnoll hits you but does no damage. The gnoll barely misses you.
You shoot an arrow. The arrow hits the gnoll.
The gnoll misses you. The gnoll closely misses you.
The gnoll bouda calls upon its god to heal the gnoll.
The gnoll is healed somewhat.
The gnoll misses you. The gnoll closely misses you.
You shoot an arrow. The arrow hits the gnoll.
The gnoll barely misses you. The gnoll hits you but does no damage.
You shoot an arrow. The arrow hits the gnoll!
The gnoll is no longer moving quickly.
The gnoll hits you with a +0 club.
The gnoll bouda calls upon its god to heal the gnoll.
The gnoll is healed somewhat.
You take 4 damage, and have 30/52 hp.
You are too injured to fight recklessly!
You are too injured to fight recklessly!
You are too injured to fight recklessly!
You are too injured to fight recklessly!
Aiming: Throw Flame
Press: ? - help, Shift-Dir - straight line, f/p - gnoll
Aim: a gnoll, wielding a +0 club (moderately wounded, covering ground quickly, 72% to hit)
The puff of flame hits the gnoll.
The gnoll hits you but does no damage. x2
Aiming: Throw Flame
Press: ? - help, Shift-Dir - straight line, f/p - gnoll
Aim: a gnoll, wielding a +0 club (heavily wounded, covering ground quickly, 72% to hit)
The puff of flame hits the gnoll!
The gnoll hits you with a +0 whip.
The gnoll bouda hits you with a +0 whip.
You take 6 damage, and have 25/52 hp.
Aiming: Throw Flame
Press: ? - help, Shift-Dir - straight line, f - gnoll bouda
Aim: a gnoll bouda, wielding a +0 whip and wearing a +0 leather armour (lightly wounded, 72% to hit)
The puff of flame hits the gnoll bouda.
The gnoll closely misses you. The gnoll bouda barely misses you.
Aiming: Throw Flame
Press: ? - help, Shift-Dir - straight line, f/p - gnoll bouda
Aim: a gnoll bouda, wielding a +0 whip and wearing a +0 leather armour (heavily wounded, 72% to hit)
The puff of flame hits the gnoll bouda.
The gnoll hits you with a +0 whip.
The gnoll bouda barks out a call to the hunt!
The gnoll picks up the pace!
You take 4 damage, and have 21/52 hp.
Fire: a) +0 shortbow
Press: ? - help, Shift-Dir - straight line, f/p - gnoll bouda
Aim: a gnoll bouda, wielding a +0 whip and wearing a +0 leather armour (heavily wounded, 66% to hit)
Aiming: Throw Flame
Press: ? - help, Shift-Dir - straight line, f/p - gnoll bouda
Aim: a gnoll bouda, wielding a +0 whip and wearing a +0 leather armour (heavily wounded, 72% to hit)
The puff of flame hits the gnoll bouda but does no damage.
The gnoll hits you with a +0 whip. The gnoll bouda barely misses you.
You take 4 damage, and have 17/52 hp.
Aiming: Throw Flame
Press: ? - help, Shift-Dir - straight line, f/p - gnoll bouda
Aim: a gnoll bouda, wielding a +0 whip and wearing a +0 leather armour (heavily wounded, 72% to hit)
The puff of flame hits the gnoll bouda.
The gnoll closely misses you.
The gnoll bouda hits you but does no damage.
Aiming: Throw Flame
Press: ? - help, Shift-Dir - straight line, f/p - gnoll bouda
Aim: a gnoll bouda, wielding a +0 whip and wearing a +0 leather armour (severely wounded, 72% to hit)
The puff of flame hits the gnoll bouda but does no damage.
The now-empty wand crumbles to dust.
The gnoll misses you. The gnoll bouda closely misses you.
You aren't carrying any items that you can evoke.
Okay, then.
You aren't carrying any items that you can evoke.
Unknown command.
You aren't carrying any items that you can evoke.
Unknown command.
Fire: a) +0 shortbow
Press: ? - help, Q - select action, (/) - cycle Shift-Dir - straight line, f/p - gnoll bouda
Aim: a gnoll bouda, wielding a +0 whip and wearing a +0 leather armour (severely wounded, 66% to hit)
You shoot an arrow. The arrow hits the gnoll bouda.
The gnoll misses you. The gnoll bouda barely misses you.
Fire: a) +0 shortbow
Press: ? - help, Q - select action, (/) - cycle Shift-Dir - straight line, f/p - gnoll bouda
Aim: a gnoll bouda, wielding a +0 whip and wearing a +0 leather armour (almost dead, 66% to hit)
You shoot an arrow.
The arrow barely misses the gnoll bouda.
The gnoll hits you with a +0 whip.
* * * LOW HITPOINT WARNING * * *
The gnoll bouda prays to its god.
The gnoll bouda is healed somewhat.
You take 5 damage, and have 13/52 hp.
Fire: a) +0 shortbow
Press: ? - help, Q - select action, (/) - cycle Shift-Dir - straight line, f/p - gnoll bouda
Aim: a gnoll bouda, wielding a +0 whip and wearing a +0 leather armour (severely wounded, 66% to hit)
You shoot an arrow. The arrow hits the gnoll bouda.
The gnoll hits you with a +0 whip.
* * * LOW HITPOINT WARNING * * *
The gnoll bouda hits you with a +0 whip.
* * * LOW HITPOINT WARNING * * *
You take 8 damage, and have 5/52 hp.
Fire: a) +0 shortbow
Press: ? - help, Q - select action, (/) - cycle Shift-Dir - straight line, f/p - gnoll bouda
Aim: a gnoll bouda, wielding a +0 whip and wearing a +0 leather armour (almost dead, 66% to hit)
You shoot an arrow.
The arrow hits the gnoll bouda but does no damage.
You are ready to hop once more.
The gnoll barely misses you.
The gnoll bouda hits you with a +0 whip.
You die...

......# +...+ #.....# #...#
#.....## ##...# ##.....##
#....# # #.......### ##...##
### ..
..........###.....####... .#
...........##.....#....## ..
........................#.# #
................@)........#...
.....#..........gg.†)......#
..####.........###..#....##..
..# #............#.####...#
.## ##.......##....### .g..#
..###................###..)..#
...#.....)...#..##........g..>
#..........#.#.######)#.#..g..
.#.......###### ## # ..


You could see a gnoll bouda and a gnoll (swift).

Vanquished Creatures
  Grinder (D:3)
  4 gnolls (D:4)
  2 adders
  A worm (D:2)
  A dart slug (D:1)
  An orc (D:2)
  4 bats
  4 endoplasms
  2 giant cockroaches (D:2)
  4 goblins (D:1)
  3 hobgoblins
  5 jackals
  9 kobolds
  A quokka (D:1)
  4 ball pythons
  2 frilled lizards (D:1)
  3 rats
51 creatures vanquished.

Notes
Turn   | Place    | Note
-------+----------+-------------------------------------------
     0 | D:1      | IndexError the Barachi Hunter began the quest for the Orb.
     0 | D:1      | Reached XP level 1. HP: 17/17 MP: 1/1
    75 | D:1      | Reached XP level 2. HP: 23/23 MP: 2/2
   102 | D:1      | Reached skill level 3 in Fighting
   661 | D:1      | Reached XP level 3. HP: 29/29 MP: 3/3
  1451 | D:3      | Identified the +2 leather armour of Impatience {rElec rF++
                  | Will+ Dex-5}
  1457 | D:3      | Found Reilytza's Assorted Antiques.
  1638 | D:3      | Found a shadowy altar of Dithmenos.
  1655 | D:3      | Noticed Grinder
  1662 | D:3      | Paralysed by Grinder for 5 turns
  1676 | D:3      | Paralysed by Grinder for 2 turns
  1697 | D:3      | Killed Grinder
  1698 | D:3      | Reached skill level 5 in Fighting
  1698 | D:3      | Reached skill level 5 in Ranged Weapons
  1698 | D:3      | Reached XP level 4. HP: 12/39 MP: 4/4
  1698 | D:3      | Reached XP level 5. HP: 13/44 MP: 5/5
  1698 | D:3      | Reached XP level 6. HP: 15/51 MP: 6/6
  2673 | D:4      | Reached skill level 6 in Ranged Weapons
  2685 | D:4      | HP: 13/52 [gnoll/+0 whip[a gnoll bouda] (5)]
  2686 | D:4      | HP: 5/52 [gnoll bouda/+0 whip (6)]
  2687 | D:4      | Slain by a gnoll bouda

Illustrated notes

Levels and vault maps discovered:
D:1:      dpeg_arrival_rooms_a, layout_basic, amcnicky_mini_corridor_feature
D:2:      layout_loops_ring, kennysheep_decorative_pillar
D:3:      layout_loops_ring, grunt_dithmenos_smoke, serial_shops,
          nicolae_shop_statue_plus, dk_noncrumbling_2,
          kennysheep_generic_room_16, uniq_grinder
D:4:      kennysheep_six_static_rooms, layout_cave_pools, general_overflow_altar

Skill      XL: |  1  2  3  4  5  6 |
---------------+-------------------+-----
Fighting       | 3 5 |  5.8
Ranged Weapons | 5 6 |  6.0
Dodging        | |  2.1
Stealth        | |  0.8

Action                     |  1- 3 |  4- 6 || total
---------------------------+-------+-------++-------
   Fire: Shortbow          |   130 |    44 ||   174
  Throw: Boomerang         |     2 |       ||     2
Ability: Hop               |     2 |     1 ||     3
  Evoke: Wand              |       |     7 ||     7
 Armour: Leather armour    |    16 |    11 ||    27
  Dodge: Dodged            |    25 |    33 ||    58

Table legend: (Time is in decaauts)
 A = Elapsed time spent in this place.
 B = Non-inter-level travel time spent in this place.
 C = Inter-level travel time spent in this place.
 D = Time resting spent in this place.
 E = Time spent auto-exploring this place.
 F = Levels seen in this place.
 G = Mean time per level.
                   A        B        C        D        E       F      G
               +--------+--------+--------+--------+--------+-----+--------+
         Total |   3164 |   2905 |    259 |      0 |   2525 |   4 |  791.0 |
       Dungeon |   3164 |   2905 |    259 |      0 |   2525 |   4 |  791.0 |
               +--------+--------+--------+--------+--------+-----+--------+

Top non-repeatable levels by time:
     D:3: 1183 daAuts
     D:1: 912 daAuts
     D:2: 811 daAuts
     D:4: 256 daAuts

Levels and vault maps discovered:
D:1:      dpeg_arrival_rooms_a, layout_basic, amcnicky_mini_corridor_feature
D:2:      layout_loops_ring, kennysheep_decorative_pillar
D:3:      layout_loops_ring, grunt_dithmenos_smoke, serial_shops,
          nicolae_shop_statue_plus, dk_noncrumbling_2,
          kennysheep_generic_room_16, uniq_grinder
D:4:      kennysheep_six_static_rooms, layout_cave_pools, general_overflow_altar

Table legend: (Time is in decaauts)
 A = Elapsed time spent in this place.
 B = Non-inter-level travel time spent in this place.
 C = Inter-level travel time spent in this place.
 D = Time resting spent in this place.
 E = Time spent auto-exploring this place.
 F = Levels seen in this place.
 G = Mean time per level.
                   A        B        C        D        E       F      G
               +--------+--------+--------+--------+--------+-----+--------+
         Total |   3164 |   2905 |    259 |      0 |   2525 |   4 |  791.0 |
       Dungeon |   3164 |   2905 |    259 |      0 |   2525 |   4 |  791.0 |
               +--------+--------+--------+--------+--------+-----+--------+

Top non-repeatable levels by time:
     D:3: 1183 daAuts
     D:1: 912 daAuts
     D:2: 811 daAuts
     D:4: 256 daAuts

Table legend:
 A = Kills in this place as a percentage of kills in the entire game.
 B = Kills by you in this place as a percentage of kills by you in the entire game.
 C = Kills by friends in this place as a percentage of kills by friends in the entire game.
 D = Other kills in this place as a percentage of other kills in the entire game.
 E = Experience gained in this place as a percentage of experience gained in the entire game.
 F = Experience gained in this place divided by the number of levels of this place that you have seen.
                   A       B       C       D       E      F
               +-------+-------+-------+-------+-------+----------------------
         Total | 100.0 | 100.0 |   N/A |   N/A | 100.0 | 111.8
       Dungeon | 100.0 | 100.0 |   N/A |   N/A | 100.0 | 111.8
               +-------+-------+-------+-------+-------+----------------------
